 Seeded DCSS version 0.31-a0-889-g1a8549509d (webtiles) character file.

Game seed: 11836136909977775582 (custom seed)

320 GigaChad the Shield-Bearer (level 6, -1/48 HPs)
             Began as a Formicid Fighter on Oct 17, 2023.
             Succumbed to Blork the orc's poison
             ... on level 5 of the Dungeon.
             The game lasted 00:03:33 (3367 turns).

GigaChad the Shield-Bearer (Formicid Fighter)       Turns: 3367, Time: 00:03:34

Health: -1/48      AC:  7    Str: 22    XL:     6   Next: 75%
Magic:  6/6        EV: 10    Int:  8    God:
Gold:   216        SH:  5    Dex: 13    Spells: 5/5 levels left

rFire   . . .        a - +0 war axe
rCold   . . .        c - +0 buckler
rNeg    . . .        b - +0 scale mail
rPois   .            (helmet unavailable)
rElec   .            (no cloak)
rCorr   .            (no gloves)
SInv    +            (no boots)
Will    .....        (no amulet)
Stlth   +            (no ring)
HPRegen 0.28/turn    (no ring)
MPRegen 0.10/turn

%: no passive effects
@: lethally poisoned (-1 -> -9)
A: permanent stasis, dig shafts and tunnels, antennae 3, four strong arms
a: Dig, Shaft Self


You were on level 5 of the Dungeon.
You visited 1 branch of the dungeon, and saw 5 of its levels.

You collected 216 gold pieces.

Inventory:

Hand Weapons
 a - a +0 war axe (weapon)
Armour
 b - a +0 scale mail (worn)
 c - a +0 buckler (worn)
Jewellery
 g - an amulet of faith
 p - a ring of wizardry
 q - a ring of fire
 s - a ring of flight
Wands
 k - a wand of digging (3)
Scrolls
 e - 4 scrolls of identify {unknown}
 f - 2 scrolls of enchant armour {unknown}
 i - a scroll of fog {unknown}
 n - a scroll of brand weapon {unknown}
 o - 4 scrolls of teleportation {unknown}
Potions
 d - 4 potions of might
 h - a potion of mutation {unknown}
 j - a potion of invisibility {unknown}
 l - a potion of berserk rage {unknown}
 m - a potion of enlightenment {unknown}
 r - a potion of heal wounds {unknown}
 t - 2 potions of curing {unknown}
 u - a potion of attraction {unknown}


   Skills:
 * Level 4.0 Fighting
 * Level 4.2 Axes
 * Level 4.6 Armour
 * Level 1.2 Dodging
 * Level 2.4 Stealth
 * Level 4.9 Shields


You had 5 spell levels left.
You didn't know any spells.
Your spell library contained the following spells:

 Spells                   Type           Power      Damage    Failure   Level
 Ozocubu's Armour         Ice            0%         N/A       98%         3
 Ozocubu's Refrigeration  Ice            0%         4d7       100%        7


Dungeon Overview and Level Annotations

Branches:
Dungeon (5/15)
 Temple: D:4-7

Altars:
Cheibriados


Innate Abilities, Weirdness & Mutations

You cannot be hasted, slowed, berserked, paralysed or teleported.
You can dig through walls and to a lower floor.
You have a pair of large antennae on your head. (SInv)
Your four strong arms can wield two-handed weapons with a shield.


Message History

You are poisoned.
There are monsters nearby!
You slash Blork the orc!
Blork the orc is severely wounded.
You feel very sick. Blork the orc misses you. You block the hound's attack.
There are monsters nearby!
You closely miss Blork the orc.
Blork the orc is severely wounded.
You closely miss the hound.
You feel very sick.
Blork the orc hits you with a +0 mace of venom.
You are more poisoned.
The hound bites you but does no damage. Blork the orc barely misses you.
You block the hound's attack.
You slash Blork the orc!
Blork the orc is almost dead.
You hit the hound.
You feel extremely sick. The hound bites you.
Blork the orc points at you and mumbles some strange words.
The puff of frost hits you but does no damage.
The hound bites you.
* * * LOW HITPOINT WARNING * * *
You slash Blork the orc!
You kill Blork the orc!
You closely miss the hound. You barely miss the white imp.
* * * LOW HITPOINT WARNING * * *
You feel very sick. The hound bites you but does no damage.
The white imp closely misses you.
Your Fighting skill increases to level 4!
* * * LOW HITPOINT WARNING * * *
You feel very sick. The hound bites you.
* * * LOW HITPOINT WARNING * * *
The hound misses you.
Things that are here:
a +0 mace of venom; a +0 robe; the orc corpse of Blork the orc An adder comes into view.
You die...

#########.## #...# ..
#...# .# #
#...#######.##. .
#........#..?. ..
####...####.#..##.#.
....................S
.....................
...........5)@..#
###.......##h........
#.#................
#.#...#.###.##.##.# #
#...#.# #.. ... #
.......# #### ###
..!...## ... .


You could see a hound, an adder (wandering) and a white imp.

Vanquished Creatures
  Blork the orc (D:5)
  A howler monkey (D:5)
  3 iguanas (D:4)
  2 orc wizards (D:4)
  3 adders
  6 dart slugs
  An orc (D:4)
  4 endoplasms
  3 giant cockroaches
  5 goblins
  8 hobgoblins
  3 kobolds
  4 quokkas
  5 ball pythons
  4 bats
  2 frilled lizards
  5 rats
60 creatures vanquished.

Notes
Turn   | Place    | Note
-------+----------+-------------------------------------------
     0 | D:1      | GigaChad the Formicid Fighter began the quest for the Orb.
     0 | D:1      | Reached XP level 1. HP: 18/18 MP: 1/1
   130 | D:1      | Reached XP level 2. HP: 24/24 MP: 2/2
   695 | D:1      | Reached XP level 3. HP: 29/29 MP: 3/3
  1191 | D:2      | Identified the +0 leather armour of the King of the Hill
                  | {rPois Int+3 Slay+3}
  1401 | D:2      | Reached skill level 1 in Stealth
  1401 | D:2      | Reached XP level 4. HP: 32/36 MP: 4/4
  1876 | D:3      | Found a faded altar of an unknown god.
  2383 | D:4      | Found a snail-covered altar of Cheibriados.
  2507 | D:4      | Reached XP level 5. HP: 35/42 MP: 5/5
  2523 | D:4      | Reached skill level 1 in Dodging
  2765 | D:4      | Reached XP level 6. HP: 42/48 MP: 6/6
  3269 | D:5      | Entered Level 5 of the Dungeon
  3357 | D:5      | Noticed Blork the orc
  3365 | D:5      | Killed Blork the orc
  3366 | D:5      | HP: 1/48 [hound (3)]
  3367 | D:5      | Succumbed to Blork the orc's poison

Illustrated notes

Levels and vault maps discovered:
D:1:      mainiacjoe_arrival_reflecting_pool, layout_loops_corners,
          minmay_pentomino_q4
D:2:      layout_basic
D:3:      layout_basic, hellmonk_ecumenical_altar_run_dry,
          dreamdust_wishing_well
D:4:      layout_cave_pods, kennysheep_slug_shrine
D:5:      layout_loops_cross, serial_shops, nicolae_shop_rolled_up,
          minmay_shop_mass, uniq_blork_the_orc

Skill      XL: |  1  2  3  4  5  6 |
---------------+-------------------+-----
Stealth        | 1 2 |  2.4
Axes           | 3 4 |  4.2
Armour         | 4 |  4.6
Dodging        | 1 |  1.2
Fighting       | 4 |  4.0
Shields        | |  4.9

Action                     |  1- 3 |  4- 6 || total
---------------------------+-------+-------++-------
  Melee: War axe           |    77 |    93 ||   170
 Armour: Scale mail        |    54 |    71 ||   125
  Dodge: Dodged            |    37 |    53 ||    90
  Block: Buckler           |    25 |    25 ||    50

Table legend: (Time is in decaauts)
 A = Elapsed time spent in this place.
 B = Non-inter-level travel time spent in this place.
 C = Inter-level travel time spent in this place.
 D = Time resting spent in this place.
 E = Time spent auto-exploring this place.
 F = Levels seen in this place.
 G = Mean time per level.
                   A        B        C        D        E       F      G
               +--------+--------+--------+--------+--------+-----+--------+
         Total |   3433 |   3300 |    133 |      0 |   2768 |   5 |  686.6 |
       Dungeon |   3433 |   3300 |    133 |      0 |   2768 |   5 |  686.6 |
               +--------+--------+--------+--------+--------+-----+--------+

Top non-repeatable levels by time:
     D:1: 1018 daAuts
     D:4: 1009 daAuts
     D:2: 748 daAuts
     D:3: 556 daAuts
     D:5: 100 daAuts
